Map: Forêt cybernétique EC

Players

Infinity - Winner!

  • Race: Terran Terran
  • Spawn Location: 5:00

JamesFord

  • Race: Terran Terran
  • League: Gold
  • Spawn Location: 11:00

VOD

Have the link to the VOD?

Description

Time

  • Played on: May 14, 2019, 3:03 p.m.
  • Length: 5:23
Show
View Real Time Build Order
Export as new Build Order

Infinity Terran - Winner!

Build Orders:  

Get SALT Encoding   

  12  0:00  SCV  
  13  0:13  SCV  
  14  0:24  Supply Depot  
  14  0:25  SCV  
  15  0:46  SCV  
  15  0:47  Barracks  
  16  0:51  Supply Depot  
  16  1:04  SCV  
  17  1:10  Barracks  
  17  1:18  SCV  
  18  1:28  Barracks  
  18  1:34  Marine  
  19  1:42  Orbital Command  
  19  1:52  Marine  
  20  1:58  Barracks  
  20  1:59  Marine  
  21  2:12  Marine  
  22  2:16  Barracks  
  22  2:18  Marine  
  22  2:21  Marine  
  24  2:32  Marine  
  24  2:36  Marine, Supply Depot  
  26  2:39  Marine  
  27  2:46  Barracks, Marine  
  28  2:52  Marine  
  28  2:54  Marine  
  30  3:01  Marine  
  30  3:04  Marine  
  30  3:05  Marine  
  33  3:07  Supply Depot  
  33  3:15  Marine x2  
  33  3:18  Marine  
  36  3:22  Marine  
  36  3:23  Marine  
  34  3:33  Marine x2  
  32  3:36  Marine  
  32  3:41  Refinery, Marine x2  
  34  3:51  Marine x2  
  36  3:57  SCV  
  36  4:00  Supply Depot  
  37  4:04  Marine x2  
  37  4:06  Marine  
  37  4:09  SCV  
  41  4:10  Marine  
  42  4:31  Marine x2  
  42  4:32  Marine x3  
  39  4:49  Marine x3  
  39  4:50  Marine x2, SCV  
  39  4:51  Marine  
Show
View Real Time Build Order
Export as new Build Order

JamesFord Terran 

Build Orders:  

Get SALT Encoding   

  12  0:01  SCV  
  13  0:13  SCV  
  14  0:18  Supply Depot  
  14  0:25  SCV  
  15  0:35  Refinery  
  15  0:40  SCV  
  16  0:46  Barracks  
  16  0:56  SCV  
  17  1:08  SCV  
  18  1:20  SCV  
  19  1:33  SCV  
  19  1:38  Bunker  
  20  1:49  Refinery  
  20  1:51  Marine  
  21  1:54  SCV  
  22  2:07  Supply Depot  
  22  2:10  Marine  
  23  2:29  Marine  
  24  2:33  SCV  
  24  2:36  Factory  
  25  2:46  SCV  
  25  2:47  Supply Depot  
  25  2:50  Marine  
  27  3:01  SCV  
  28  3:10  Command Center  
  28  3:15  Barracks Reactor  
  28  3:20  Supply Depot  
  28  3:28  Factory Reactor  
  28  3:31  Hellion  
  30  3:42  Orbital Command  
  30  3:48  Supply Depot x2  
  30  3:58  Factory Tech Lab  
  30  4:06  Starport  
  29  4:28  Siege Tank  
  26  4:49  Marine  
  23  5:03  Marine  
Tags
 
League
Gold
Matchup
TvT
Race
Terran
Spawn Locations
Cross Positions
Add a new tag
Caveats
  • Supply blocks, unpowered buildings, or Contaminate may cause inaccurate times.
  • Supply counts are checked every 10 seconds.